 Dungeon Crawl Stone Soup version 0.30-a0-250-g41c1d76940 (webtiles) character file.

Game seed: 17585356090679579376

200 brightshaft the Slasher (level 5, -4/42 HPs)
             Began as a Demigod Fighter on Oct 12, 2022.
             Slain by an ogre
             ... wielding a +0 giant spiked club
              (31 damage)
             ... on level 5 of the Dungeon.
             The game lasted 00:04:19 (2698 turns).

brightshaft the Slasher (Demigod Fighter)           Turns: 2698, Time: 00:04:19

Health: -4/42      AC:  8    Str: 17    XL:     5   Next: 24%
Magic:  7/7        EV:  6    Int: 10    God:
Gold:   218        SH:  5    Dex: 17    Spells: 4/4 levels left

rFire   . . .      SeeInvis .    a - +1 long sword (freeze)
rCold   . . .      Faith    .    c - +0 buckler
rNeg    . . .      Spirit   .    p - +0 chain mail
rPois   .          Reflect  .    (no helmet)
rElec   .          Harm     .    (no cloak)
rCorr   .          Rampage  .    (no gloves)
Will    .....                    (no boots)
Stlth   ..........               (no amulet)
HPRegen 0.27/turn                (no ring)
MPRegen 0.10/turn                (no ring)

@: no status effects
A: high MP 1, forlorn, divine attributes
a: no special abilities


You were on level 5 of the Dungeon.
You visited 1 branch of the dungeon, and saw 5 of its levels.

You collected 218 gold pieces.

Inventory:

Hand Weapons
 a - a +1 long sword of freezing (weapon)
Missiles
 k - 5 curare-tipped darts (quivered)
Armour
 b - a +0 scale mail
 c - a +0 buckler (worn)
 p - a +0 chain mail (worn)
Wands
 n - a wand of iceblast (10)
Scrolls
 l - 6 scrolls of identify {@r1}
 m - a scroll of fog
 q - a scroll of teleportation {@r4}
Potions
 d - a potion of ambrosia
 e - a potion of resistance {unknown}
 f - 2 potions of brilliance {unknown}
 g - 4 potions of curing {@q1}
 h - a potion of attraction {unknown}
 i - a potion of degeneration {unknown}
 j - a potion of flight {unknown}
 o - a potion of lignification {unknown}
 r - a potion of experience {unknown}
 s - a potion of invisibility {unknown}


   Skills:
 - Level 2.6 Fighting
 * Level 5.3 Long Blades
 - Level 2.6 Armour
 - Level 2.6 Shields


You had 4 spell levels left.
You didn't know any spells.
Your spell library contained the following spells:

 Spells                   Type           Power      Damage    Failure   Level
 Call Canine Familiar     Summ           0%         N/A       100%        3
 Portal Projectile        Hex/Tloc       0%         N/A       100%        3
 Leda's Liquefaction      Hex/Erth       0%         N/A       100%        4


Dungeon Overview and Level Annotations

Branches:
Dungeon (5/15)
 Temple: D:4-7

Shops:
D:2 (


Innate Abilities, Weirdness & Mutations

You have an increased reservoir of magic. (+10% MP)
You shall have no god before yourself.
Your divine heritage dramatically boosts your attributes as you level up.


Message History

You see here 3 stones.
Done exploring.
Done exploring.
Done exploring.
There is a stone staircase leading down here.
You climb downwards.
There is a stone staircase leading up here.
There is a stone staircase leading up here.
You see here a +3 hand axe of freezing.
Found a stone staircase leading up.
An adder comes into view.
You barely miss the adder. The adder bites you but does no damage.
The adder bites you.
You hit the adder. You freeze the adder.
The adder is almost dead.
The adder bites you but does no damage.
You closely miss the adder.
The adder is almost dead.
The adder bites you but does no damage. x2
You hit the adder. You freeze the adder.
You kill the adder!
No target in view!
An ogre comes into view. It is wielding a +0 giant spiked club.
The ogre shouts!
An ogre is nearby!
You hit the ogre. You freeze the ogre.
The ogre is moderately wounded.
The ogre hits you with a +0 giant spiked club!
You slash the ogre! You freeze the ogre.
The ogre is heavily wounded.
The ogre hits you with a +0 giant spiked club.
You are too injured to fight recklessly!
You are too injured to fight recklessly!
You are too injured to fight recklessly!
You are too injured to fight recklessly!
You completely miss the ogre.
The ogre is heavily wounded.
The ogre hits you with a +0 giant spiked club!!
Ouch! That really hurt!
You die...

#.#.#...# #.#.##..#
#.#.##..# #.#.###.#
### ........# #..
#.#.##..## #.#
..#.<....# #.#
###.###..### #O#
..........#####@#
##.......#.....#.###
#.##.#............#
#. #....#####.#.#.#
##...# #.#.#.#
...... ....# #
#.####. ##...# #. .
....# ....#


You could see an ogre.

Vanquished Creatures
  A hound (D:4)
  8 adders
  A worm (D:2)
  2 dart slugs
  5 orcs
  8 bats
  8 endoplasms
  3 giant cockroaches
  4 hobgoblins
  8 jackals
  5 quokkas
  3 ball pythons
  A frilled lizard (D:2)
  6 goblins
  8 kobolds
  9 rats
80 creatures vanquished.

Notes
Turn   | Place    | Note
-------+----------+-------------------------------------------
     0 | D:1      | brightshaft the Demigod Fighter began the quest for the
                  | Orb.
     0 | D:1      | Reached XP level 1. HP: 18/18 MP: 3/3
    17 | D:1      | Reached skill level 2 in Long Blades
    70 | D:1      | Reached XP level 2. HP: 4/25 MP: 4/4
   255 | D:1      | Reached skill level 3 in Long Blades
   694 | D:1      | Reached XP level 3. HP: 30/30 MP: 5/5
   941 | D:2      | Found Ryrim's Antique Weapon Shoppe.
  1054 | D:2      | Reached skill level 4 in Long Blades
  1200 | D:2      | Reached XP level 4. HP: 27/37 MP: 6/6
  2162 | D:4      | Reached skill level 5 in Long Blades
  2162 | D:4      | Reached XP level 5. HP: 32/42 MP: 7/7
  2646 | D:5      | Entered Level 5 of the Dungeon
  2693 | D:5      | Noticed an ogre
  2698 | D:5      | Slain by an ogre

Illustrated notes

Levels and vault maps discovered:
D:1:      nzn_arrival_water_spiral, layout_rooms
D:2:      layout_rooms, basic_altar, serial_shops,
          nicolae_shop_temple_entry_statues_fountains,
          minmay_misc_feat_diagonals
D:3:      layout_basic, ebering_ecumenical_altar_hall, minmay_misc_feat_roman,
          st_stairs_10, chequers_serial_rivers_small_3
D:4:      layout_loops_ring
D:5:      layout_basic, dk_noncrumbling_4

Skill      XL: |  1  2  3  4 |
---------------+-------------+-----
Long Blades    | 2 3 4 5 |  5.3
Fighting       | |  2.6
Armour         | |  2.6
Shields        | |  2.6

Action                   |  1- 3 |  4- 6 || total
-------------------------+-------+-------++-------
Melee: Long sword        |   194 |    90 ||   284
Throw: Dart              |       |     1 ||     1
  Use: Potion            |     1 |       ||     1
       Scroll            |     5 |     6 ||    11
Armor: Scale mail        |   140 |    22 ||   162
       Chain mail        |       |    30 ||    30
Dodge: Dodged            |   125 |    29 ||   154
Block: Buckler           |    53 |    21 ||    74

Table legend: (Time is in decaauts)
 A = Elapsed time spent in this place.
 B = Non-inter-level travel time spent in this place.
 C = Inter-level travel time spent in this place.
 D = Time resting spent in this place.
 E = Time spent auto-exploring this place.
 F = Levels seen in this place.
 G = Mean time per level.
                   A        B        C        D        E       F      G
               +--------+--------+--------+--------+--------+-----+--------+
         Total |   2778 |   2739 |     39 |      0 |   2056 |   5 |  555.6 |
       Dungeon |   2778 |   2739 |     39 |      0 |   2056 |   5 |  555.6 |
               +--------+--------+--------+--------+--------+-----+--------+

Top non-repeatable levels by time:
     D:1: 899 daAuts
     D:3: 811 daAuts
     D:4: 534 daAuts
     D:2: 480 daAuts
     D:5: 52 daAuts
